 Dungeon Crawl Stone Soup version 0.20.0-9-g8272e65 (webtiles) character file.

3210 Kriby the Cleaver (level 9, -3/84 HPs)
             Began as a Hill Orc Fighter on June 3, 2017.
             Was a Believer of Beogh.
             Slain by a two-headed ogre
             ... wielding a cursed +0 giant club
              (14 damage)
             ... on level 7 of the Dungeon.
             The game lasted 00:08:41 (7528 turns).

Kriby the Cleaver (Hill Orc Fighter)                Turns: 7528, Time: 00:08:42

Health: -3/84      AC: 13    Str: 22    XL:     9   Next: 97%
Magic:  9/9        EV: 10    Int:  8    God:    Beogh [**....]
Gold:   521        SH:  6    Dex: 10    Spells: 8/8 levels left

rFire    . . .     SeeInvis .   a - +0 war axe
rCold    . . .     Gourm    .   B - +1 buckler {reflect}
rNeg     . . .     Faith    .   G - +3 ring mail {MR+}
rPois    .         Spirit   .   m - +0 helmet
rElec    .         Reflect  +   (no cloak)
rCorr    .         Harm     .   y - +0 pair of gloves
MR       +....                  j - +1 pair of boots
Stlth    +.........             (no amulet)
Regen    0.3/turn               (no ring)
MPRegen  0.2/turn               v - ring of wizardry

@: no status effects
A: camouflage 1, blurry vision 1, sense surroundings 1
a: Smiting, Renounce Religion


You were on level 7 of the Dungeon.
You worshipped Beogh.
Beogh was pleased with you.
You were not hungry.

You visited 1 branch of the dungeon, and saw 8 of its levels.

You collected 521 gold pieces.

Inventory:

Hand Weapons
 a - a +0 war axe (weapon)
Armour
 b - +0 steam dragon scales
 c - a +0 shield
 j - a +1 pair of boots (worn)
 m - a +0 helmet (worn)
 y - a +0 pair of gloves (worn)
 B - a +1 buckler of reflection (worn)
 C - a +4 scale mail
 G - a +3 ring mail of magic resistance (worn)
Jewellery
 p - an uncursed ring of magical power {unknown}
 v - a ring of wizardry (right hand)
Wands
 l - a wand of polymorph (12/24)
 u - a wand of confusion (24/48)
 E - a wand of lightning (14/15)
Scrolls
 d - a scroll of amnesia
 i - 5 scrolls of recharging
 n - a scroll of blinking
 o - 10 scrolls of teleportation
 r - 2 scrolls of remove curse
 t - a scroll of magic mapping
 w - 7 scrolls of identify
 D - a scroll of enchant armour
Potions
 e - a potion of resistance
 q - 4 potions of curing
 s - a potion of brilliance {unknown}
 x - a potion of invisibility {unknown}
 z - 2 potions of flight
 A - 2 potions of heal wounds
Comestibles
 f - 6 bread rations
 g - 3 meat rations
 h - a fruit
 k - 2 royal jellies
 F - 9 chunks of flesh


   Skills:
 + Level 9.4 Fighting
 * Level 13.3 Axes
 - Level 3.2 Armour
 - Level 6.3 Shields


You had 8 spell levels left.
You didn't know any spells.

Dungeon Overview and Level Annotations

Branches:
Dungeon (8/15)             Temple (0/1) D:7
   Lair: D:8-11

Altars:
Elyvilon
Fedhas
Gozag
The Shining One


Innate Abilities, Weirdness & Mutations

Your skin changes colour to match your surroundings (Stealth+).
Scrolls take you a little longer to read.
You passively map a small area around you.


Message History

Press: ? - help, Shift-Dir - straight line, f - two-headed ogre
Aim: a two-headed ogre, wielding a giant club and a dire flail (hasn't noticed you)
You hear a mighty clap of thunder!
The bolt of lightning hits the two-headed ogre.
The two-headed ogre is lightly wounded.
The two-headed ogre shouts in stereo!
This wand has 14 charges left.
Evoke which item? (* to show all) (? for menu, Esc to quit)
Aiming: Lightning Bolt
Press: ? - help, Shift-Dir - straight line, f/p - two-headed ogre
Aim: a two-headed ogre, wielding a giant club and a dire flail (lightly wounded)
Okay, then.
Okay, then.
Really read with blurry vision while enemies are nearby? [Y]es or [N]o only, please.
Really read with blurry vision while enemies are nearby?
The two-headed ogre hits you with a giant club!!
* * * LOW HITPOINT WARNING * * *
The two-headed ogre hits you with a dire flail!
You die...

...# #........# *#... ...##
##.......# *#.... ....#
#.......# #....[ ....#
##..#....# #...... ....##
##.....#### #......
#....###...###...####
*....... #....##..###
###....#### #....#..##
########....##.
#......##*##....@O.........
##...### ........)).....#.#
.....# ...............#,
....## ...............# ,
....# ......(.........#
....## ................#
.....# #...............#
.....## #...............#
......# #...............*


You could see a two-headed ogre.

Vanquished Creatures
  A two-headed ogre (D:8)
  A hungry ghost (D:8)
  A steam dragon (D:7)
  Duvessa (D:7)
  The ghost of Kriby the Chopper, an amateur HOFi (D:3)
  2 ice beasts
  An ogre (D:5)
  6 centaurs
  2 bullfrogs
  Dowan (D:7)
  A howler monkey (D:4)
  2 crimson imps
  3 bullfrog skeletons
  A centaur skeleton (D:7)
  3 hounds
  A jelly (D:5)
  3 orc priests
  6 orc wizards
  4 iguanas
  6 worker ants
  A hound zombie (D:5)
  12 adders
  6 gnolls
  A shadow imp (D:6)
  An adder skeleton (D:4)
  An adder zombie (D:5)
  5 worms
  2 dart slugs (D:1)
  6 leopard geckos
  25 orcs
  4 giant cockroaches
  10 goblins
  13 hobgoblins
  4 jackals (D:1)
  10 kobolds
  4 quokkas
  A ball python (D:3)
  11 bats
  6 frilled lizards
  A jackal skeleton (D:5)
  2 quokka skeletons
  3 rats
176 creatures vanquished.

Vanquished Creatures (others)
  An orc priest (D:3)
1 creature vanquished.

Grand Total: 177 creatures vanquished

Notes
Turn   | Place    | Note
-------+----------+-------------------------------------------
     0 | D:1      | Kriby the Hill Orc Fighter began the quest for the Orb.
     0 | D:1      | Reached XP level 1. HP: 19/19 MP: 1/1
    55 | D:1      | Reached skill level 3 in Axes
   110 | D:1      | Reached XP level 2. HP: 16/27 MP: 2/2
   541 | D:1      | Reached skill level 4 in Axes
   544 | D:1      | Reached XP level 3. HP: 33/33 MP: 3/3
  1158 | D:2      | Reached XP level 4. HP: 41/41 MP: 4/4
  1273 | D:2      | Reached skill level 5 in Axes
  1658 | D:3      | Reached XP level 5. HP: 44/47 MP: 5/5
  1665 | D:3      | Reached skill level 5 in Fighting
  2075 | D:3      | Noticed Kriby's ghost (amateur HOFi)
  2086 | D:3      | Reached skill level 6 in Axes
  2090 | D:3      | Killed Kriby's ghost
  2090 | D:3      | Reached XP level 6. HP: 23/56 MP: 6/6
  2318 | D:3      | Became a worshipper of Beogh the Brigand
  2464 | D:3      | Reached skill level 7 in Axes
  2825 | D:3      | Found a glowing golden altar of the Shining One.
  3704 | D:4      | Reached XP level 7. HP: 55/62 MP: 7/7
  3763 | D:4      | Reached skill level 8 in Axes
  3975 | D:4      | Reached * piety under Beogh
  4484 | D:5      | Entered Level 5 of the Dungeon
  4490 | D:5      | Reached skill level 9 in Axes
  4502 | D:5      | Found a blossoming altar of Fedhas.
  4534 | D:5      | Reached XP level 8. HP: 71/71 MP: 8/8
  5080 | D:5      | Reached ** piety under Beogh
  5080 | D:5      | Reached skill level 10 in Axes
  5080 | D:5      | Reached skill level 5 in Shields
  5400 | D:5      | You fall through a shaft for 3 floors!
  5464 | D:8      | Gained mutation: Scrolls take you a little longer to read. [potion of mutation]
  5464 | D:8      | Gained mutation: Your skin changes colour to match your surroundings (Stealth+). [potion of mutation]
  5464 | D:8      | Gained mutation: You passively map a small area around you. [potion of mutation]
  5826 | D:7      | Found a staircase to the Ecumenical Temple.
  5845 | D:8      | Noticed a two-headed ogre
  5856 | D:8      | Killed a two-headed ogre
  5856 | D:8      | Reached skill level 11 in Axes
  5856 | D:8      | Reached XP level 9. HP: 82/82 MP: 9/9
  6187 | D:6      | Reached skill level 12 in Axes
  6237 | D:6      | Found a white marble altar of Elyvilon.
  6678 | D:6      | Identified the +4 robe of the Five Queens {MR+} (You found it on level 6 of the Dungeon)
  6881 | D:6      | Found an opulent altar of Gozag.
  6881 | D:6      | Found Gozag's Platinum Reserve.
  7477 | D:7      | Noticed Duvessa
  7477 | D:7      | Noticed Dowan
  7489 | D:7      | Killed Dowan
  7494 | D:7      | Reached skill level 13 in Axes
  7495 | D:7      | Killed Duvessa
  7526 | D:7      | Noticed a two-headed ogre
  7528 | D:7      | Slain by a two-headed ogre

Skill      XL: |  1  2  3  4  5  6  7  8  9 |
---------------+----------------------------+-----
Axes           | 3 4 5 6 7 9 11 13 | 13.3
Fighting       | 4 5 6 8 9 |  9.4
Shields        | 4 6 |  6.3
Armour         | |  3.2

Action                   |  1- 3 |  4- 6 |  7- 9 || total
-------------------------+-------+-------+-------++-------
Melee: War axe           |   145 |   213 |   312 ||   670
Invok: Convert to Beogh  |       |     1 |       ||     1
Evoke: Wand              |       |       |     1 ||     1
  Use: Potion            |       |     1 |    11 ||    12
       Scroll            |       |       |    11 ||    11
  Eat: Chunk             |     1 |     8 |    13 ||    22
       Fruit             |       |       |     1 ||     1
Armor: Scale mail        |    88 |   107 |   143 ||   338
Dodge: Dodged            |    60 |   107 |   101 ||   268
Block: Shield            |    85 |       |       ||    85
       Buckler           |       |    16 |    74 ||    90
       Reflection        |       |       |     2 ||     2
